 Dungeon Crawl Stone Soup version 0.23.2 (webtiles) character file.

Game seed: 6906920625621504166

1126 snowfan the Firebug (level 8, -5/41 HPs)
             Began as a Deep Elf Fire Elementalist on Apr 5, 2019.
             Was a Follower of Qazlal.
             Shot with an arrow by a centaur (12 damage)
             ... on level 5 of the Dungeon.
             The game lasted 00:18:43 (5018 turns).

snowfan the Firebug (Deep Elf Fire Elementalist)    Turns: 5018, Time: 00:18:44

Health: -5/41      AC:  2    Str:  5    XL:     8   Next: 13%
Magic:  4/14       EV: 16    Int: 23    God:    Qazlal [*.....]
Gold:   208        SH:  2    Dex: 15    Spells: 2/13 levels left

rFire    . . .     SeeInvis .   y - +0 hand crossbow
rCold    . . .     Gourm    .   (no shield)
rNeg     . . .     Faith    .   a - +0 robe
rPois    .         Spirit   .   (no helmet)
rElec    .         Reflect  .   (no cloak)
rCorr    .         Harm     +   (no gloves)
MR       +....                  (no boots)
Stlth    ++........             r - amulet of harm
HPRegen  0.13/turn              n - ring of protection from magic
MPRegen  0.14/turn              (no ring)

@: about to teleport, very slightly contaminated
A: no striking features
a: Renounce Religion


You were on level 5 of the Dungeon.
You worshipped Qazlal.
Qazlal was aware of your devotion.
You were not hungry.

You visited 1 branch of the dungeon, and saw 5 of its levels.

You collected 208 gold pieces.

Inventory:

Hand Weapons
 e - a +1 whip of electrocution
 y - a +0 hand crossbow (weapon)
Missiles
 g - 158 stones
 u - 36 sling bullets
 A - 65 bolts (quivered)
Armour
 a - a +0 robe (worn)
Jewellery
 n - a ring of protection from magic (left hand)
 r - an amulet of harm (around neck)
Scrolls
 d - 3 scrolls of blinking {unknown}
 f - 2 scrolls of immolation {unknown}
 i - a scroll of random uselessness {unknown}
 l - a scroll of noise {unknown}
 o - 6 scrolls of remove curse {unknown}
 p - 3 scrolls of identify {unknown}
 q - 3 scrolls of teleportation
 t - a scroll of fear {unknown}
 w - a scroll of fog {unknown}
 x - 2 scrolls of enchant weapon {unknown}
Potions
 b - a potion of mutation {unknown}
 h - 2 potions of flight {unknown}
 j - a potion of might {unknown}
 k - a potion of invisibility {unknown}
 m - 3 potions of brilliance {unknown}
 s - a potion of heal wounds {unknown}
 v - a potion of experience {unknown}
 z - a potion of degeneration {unknown}
Comestibles
 c - 10 rations
 B - 2 chunks of flesh


   Skills:
 + Level 6.1 Dodging
 - Level 2.4 Stealth
 - Level 3.0 Spellcasting
 * Level 6.4 Conjurations
 * Level 7.3 Fire Magic


You had 2 spell levels left.
You knew the following spells:

 Your Spells              Type           Power        Failure   Level  Hunger
a - Flame Tongue          Conj/Fire      #####        1%          1    None
c - Sticky Flame          Conj/Fire      #####...     7%          4    ####...
d - Conjure Flame         Conj/Fire      #####...     1%          3    ###....
x - Inner Flame           Hex/Fire       ###.....     8%          3    ###....

Your spell library contained the following spells:

 Spells                   Type           Power        Failure   Level  Hunger
 Throw Flame              Conj/Fire      #####.       1%          2    ##.....
 Fireball                 Conj/Fire      #####.....   19%         5    ######.


Dungeon Overview and Level Annotations

Branches:
Dungeon (5/15)
 Temple: D:4-7

Altars:
Cheibriados
Fedhas
Hepliaklqana
Kikubaaqudgha
Makhleb
Okawaru
Qazlal
Xom
Yredelemnul


Message History

You kill the quokka!
Qazlal accepts your kill.
No target in view!
No target in view!
You see here a quokka corpse.
You butcher the quokka corpse.
B - 2 chunks of flesh You see here a quokka skeleton.
A centaur comes into view.
The centaur shouts!
The centaur wields a +0 shortbow.
The centaur shoots an arrow.
The arrow hits you!
* * * LOW HITPOINT WARNING * * *
Found an escape hatch in the ceiling.
Things that are here:
an arrow; a sky beast corpse
As you read the scroll labeled RODAFUIPRYHYPO, it crumbles to dust.
You feel strangely unstable.
It was a scroll of teleportation.
The centaur shoots an arrow.
The arrow hits you!
You die...

##... ##.. ....
.... .c.# # ....
.?.# .# #.. #..#
?..
.###..##..##....
........☼....<..
........(.#
.......÷@.#
.......☼..#
..........#
########+##


You could see a centaur.

Vanquished Creatures
  Sigmund (D:4)
  A sky beast (D:5)
  A phantom (D:4)
  Purgy (D:3)
  An ogre (D:4)
  4 vampire bats (D:4)
  An orc priest (D:2)
  4 orc wizards
  A bullfrog skeleton (D:4)
  A worker ant (D:4)
  7 gnolls
  8 adders
  4 dart slugs
  2 leopard geckos
  19 orcs
  2 ball pythons (D:4)
  11 bats
  A giant cockroach (D:2)
  9 goblins
  10 hobgoblins
  6 jackals
  11 kobolds
  2 quokkas
  4 frilled lizards
  5 rats
117 creatures vanquished.

Notes
Turn   | Place    | Note
-------+----------+-------------------------------------------
     0 | D:1      | snowfan the Deep Elf Fire Elementalist began the quest for
                  | the Orb.
     0 | D:1      | Reached XP level 1. HP: 10/10 MP: 6/6
   131 | D:1      | Reached XP level 2. HP: 15/15 MP: 4/8
  1176 | D:2      | Found a blossoming altar of Fedhas.
  1181 | D:2      | Found an ancient bone altar of Kikubaaqudgha.
  1217 | D:2      | Reached XP level 3. HP: 19/19 MP: 6/9
  2033 | D:2      | Reached skill level 4 in Fire Magic
  2033 | D:2      | Reached XP level 4. HP: 13/24 MP: 5/10
  2220 | D:2      | Found a basalt altar of Yredelemnul.
  2413 | D:3      | Found a hazy altar of Hepliaklqana.
  2414 | D:3      | Found a burning altar of Makhleb.
  2517 | D:3      | Learned a level 3 spell: Conjure Flame
  2524 | D:3      | Reached XP level 5. HP: 26/28 MP: 5/11
  3159 | D:3      | Noticed Purgy
  3230 | D:3      | Killed Purgy
  3230 | D:3      | Reached skill level 5 in Fire Magic
  3230 | D:3      | Reached XP level 6. HP: 30/32 MP: 3/12
  3307 | D:3      | Learned a level 3 spell: Inner Flame
  3312 | D:3      | Learned a level 4 spell: Sticky Flame
  3567 | D:4      | Found an iron altar of Okawaru.
  3569 | D:4      | Reached skill level 5 in Dodging
  3792 | D:4      | Reached XP level 7. HP: 20/36 MP: 9/13
  3832 | D:4      | Found a shimmering altar of Xom.
  3848 | D:4      | Found a stormy altar of Qazlal.
  3855 | D:4      | Became a worshipper of Qazlal Stormbringer
  4010 | D:4      | Found a snail-covered altar of Cheibriados.
  4010 | D:4      | Noticed Sigmund
  4018 | D:4      | Killed Sigmund
  4018 | D:4      | Reached skill level 5 in Conjurations
  4018 | D:4      | Reached skill level 6 in Fire Magic
  4405 | D:4      | Reached * piety under Qazlal
  4842 | D:4      | Reached skill level 7 in Fire Magic
  4845 | D:4      | Reached XP level 8. HP: 37/41 MP: 0/14
  5003 | D:5      | Entered Level 5 of the Dungeon
  5018 | D:5      | Shot with an arrow by a centaur

Skill      XL: |  1  2  3  4  5  6  7 |
---------------+----------------------+-----
Dodging        | 3 4 5 6 |  6.1
Conjurations   | 2 3 4 6 |  6.4
Fire Magic     | 4 5 7 |  7.3
Stealth        | |  2.4
Spellcasting   | |  3.0

Action                   |  1- 3 |  4- 6 |  7- 9 || total
-------------------------+-------+-------+-------++-------
Melee: Whip              |    12 |     4 |     1 ||    17
 Fire: Hand crossbow     |       |       |    24 ||    24
 Cast: Flame Tongue      |    70 |    89 |    61 ||   220
       Conjure Flame     |       |     1 |       ||     1
       Sticky Flame      |       |       |     5 ||     5
  Use: Scroll            |       |       |     1 ||     1
  Eat: Chunk             |     3 |     5 |     5 ||    13
Armor: Robe              |     3 |     9 |     6 ||    18
Dodge: Dodged            |    28 |    40 |    53 ||   121
Block: Other             |       |       |     2 ||     2
